 Dungeon Crawl Stone Soup version 0.28-a0-983-g1de4e0787c (webtiles) character file.

Game seed: 5368959143608632635

3672 Decritt the Zephyrmancer (level 10, -5/54 (63) HPs)
             Began as a Tengu Air Elementalist on Dec 3, 2021.
             Was an Initiate of Vehumet.
             Slain by a wight (13 damage)
             ... on level 8 of the Dungeon.
             The game lasted 00:30:59 (12138 turns).

Decritt the Zephyrmancer (Tengu Air Elementalist)  Turns: 12138, Time: 00:31:00

HP:   -5/54 (63)    AC:  6    Str:  9    XL:     10   Next: 13%
MP:   11/17         EV: 15    Int: 26    God:    Vehumet [......]
Gold: 277           SH:  8    Dex: 14    Spells: 10/18 levels left

rFire   . . .      SeeInvis .   L - +1 dagger (chaos)
rCold   . . .      Faith    .   E - +0 kite shield
rNeg    . . .      Spirit   .   F - +0 robe {Archmagi}
rPois   .          Reflect  .   (helmet restricted)
rElec   .          Harm     .   u - +0 cloak
rCorr   .          Rampage  .   p - +2 pair of gloves {Stlth+}
Will    .....      Archmagi +   (boots unavailable)
Stlth   +++.......              (no amulet)
HPRegen 0.18/turn               s - ring of wizardry
MPRegen 0.15/turn               j - +6 ring of intelligence

@: about to teleport, flying quickly and evasively, heavily drained, quick
A: beak, talons 3, nimble flight
a: Renounce Religion


You were on level 8 of the Dungeon.
You worshipped Vehumet.
Vehumet was noncommittal.
You visited 2 branches of the dungeon, and saw 9 of its levels.
You also visited: Ossuary.

You collected 277 gold pieces.

Inventory:

Hand Weapons
 v - a +3 quarterstaff of chaos
 D - a +2 short sword of electrocution
 L - a +1 dagger of chaos (weapon)
Missiles
 k - 3 throwing nets
Armour
 i - a +0 tower shield
 p - a +2 pair of gloves of stealth (worn)
 u - a +0 cloak (worn)
 z - a +2 ring mail of cold resistance
 E - a +0 kite shield (worn)
 F - a +0 robe of the Archmagi (worn)
 K - a +1 scale mail of willpower
Magical Staves
 t - a staff of fire
Jewellery
 g - a ring of protection from fire
 j - a +6 ring of intelligence (right hand)
 s - a ring of wizardry (left hand)
 H - a +4 ring of evasion
Wands
 m - a wand of mindburst (19)
 n - a wand of paralysis (5)
 x - a wand of flame (13)
Scrolls
 a - a scroll of fear {unknown}
 c - a scroll of blinking {unknown}
 e - 3 scrolls of teleportation
 f - 2 scrolls of fog
 r - a scroll of magic mapping {unknown}
 y - a scroll of silence {unknown}
 B - a scroll of enchant weapon {unknown}
 I - a scroll of brand weapon {unknown}
 J - a scroll of immolation {unknown}
Potions
 b - a potion of berserk rage {unknown}
 d - 2 potions of ambrosia
 h - 4 potions of brilliance
 l - a potion of curing {unknown}
 o - a potion of heal wounds {unknown}
 q - 2 potions of cancellation
 w - 2 potions of might
 A - a potion of mutation {unknown}
 C - a potion of flight {unknown}
 G - a potion of magic {unknown}


   Skills:
 + Level 7.3 Fighting
 - Level 3.3 Armour
 + Level 7.0 Dodging
 - Level 2.0 Stealth
 + Level 2.1 Shields
 + Level 4.6 Spellcasting
 - Level 3.0 Conjurations
 * Level 11.4 Air Magic


You had 10 spell levels left.
You knew the following spells:

 Your Spells              Type           Power      Damage    Failure   Level
a - Shock                 Conj/Air       100%       1d9       1%          1
b - Airstrike             Air            39%        N/A       1%          4
c - Swiftness             Air            78%        N/A       1%          3

Your spell library contained the following spells:

 Spells                   Type           Power      Damage    Failure   Level
 Static Discharge         Conj/Air       60%        N/A       1%          2
 Mephitic Cloud           Conj/Pois/Air  46%        N/A       7%          3
 Animate Skeleton         Necr           18%        N/A       16%         1
 Beastly Appendage        Tmut           18%        N/A       16%         1
 Freeze                   Ice            36%        1d6       16%         1
 Pain                     Necr           36%        1d5       16%         1
 Wereblood                Tmut           9%         N/A       26%         2
 Frozen Ramparts          Ice            18%        1d3       43%         3
 Ignite Poison            Fire/Tmut/Pois 9%         N/A       43%         3
 Ozocubu's Armour         Ice            9%         N/A       43%         3
 Spider Form              Tmut/Pois      9%         N/A       43%         3
 Vampiric Draining        Necr           9%         2d6       43%         3
 Freezing Cloud           Conj/Ice/Air   23%        6-21      52%         5
 Hailstorm                Conj/Ice       20%        3d6       63%         4
 Metabolic Englaciation   Hex/Ice        4%         N/A       98%         5
 Simulacrum               Ice/Necr       4%         N/A       100%        6


Dungeon Overview and Level Annotations

Branches:
Dungeon (8/15)             Temple (1/1) D:7         Ossuary (visited)
   Lair: D:8-11

Altars:
Ashenzari
Dithmenos
Elyvilon
Fedhas
Hepliaklqana
Kikubaaqudgha
Makhleb
Nemelex Xobeh
Okawaru
Ru
Sif Muna
Trog
Uskayaw
Vehumet
Wu Jian
Xom
Yredelemnul
Zin
The Shining One

Shops:
D:8 (

Annotations:
D:8 4 runed translucent doors


Innate Abilities, Weirdness & Mutations

You have a beak for a mouth.
You have claws for feet.
Your magical nature lets you fly swiftly and evasively.


Message History

You feel strangely unstable. You block the wight's attack.
The wight is no longer moving quickly.
The wight misses you.
Your surroundings suddenly seem different.
You start resting.
Magic restored.
You start resting.
A wight is nearby!
You start resting.
A wight is nearby!
Things that are here:
a +6 war axe; a +0 robe You start resting.
A wight is nearby!
Casting: Shock (safe; 1% risk of failure)
Confirm with . or Enter, or press ? or * to list all spells.
Aiming: Airstrike (dangerous; 1% risk of failure)
Press: ? - help, Dir - move target, f/p - wight
Aim: a wight, wielding a +1 long sword and wearing a +0 robe (lightly damaged, empty space bonus: 6/8)
You feel a surge of power!
The air twists around and strikes the wight!
You destroy the wight!
Vehumet accepts your kill.
You feel a surge of power!
The air twists around and strikes the wight!
The wight is severely damaged.
You hit the wight but do no damage.
The wight is severely damaged.
You block the wight's attack.
The wight hits you with a +5 short sword.
* * * LOW HITPOINT WARNING * * *
The wight hits you with a +5 short sword.
* * * LOW HITPOINT WARNING * * *
Things that are here:
a +1 long sword; a +0 robe The wight hits you with a +1 great sword!
* * * LOW HITPOINT WARNING * * *
As you read the scroll of teleportation, it crumbles to dust.
You feel strangely unstable. The wight closely misses you.
The wight hits you with a +1 great sword!
You die...

###### .....# ############
.....####### ##..........#
#..........####.#.#######.#
#..<...........###...# #.#
.....#####.####.#.##.## #z#
#.#..#####............# #.#
#.#.........###...##..# #.#
.....#####..####@###..# #.#
.#...# #....z.zz....# #.# ..).##
###..####.##...###.#######
#.#.####....####...)............#
.................##...#.#######.#
#.######.#..####.....)..# #.# #.#
#.#..# ####...### #.# ..## #.#..#
#...# #.. ...# #.#.∩# #...# ##z


You could see 3 wights.

Vanquished Creatures
  Harold (D:7)
  Psyche (D:8)
  Grinder (D:3)
  Sigmund (D:5)
  Edmund (D:5)
  Duvessa (D:7)
  A sky beast (D:5)
  2 black bears
  2 necrophages
  2 ogres
  2 centaurs
  An elf zombie (Ossuary)
  A kobold brigand (D:8)
  A bullfrog (D:7)
  A scorpion (D:4)
  Dowan (D:7)
  2 wights (D:8)
  2 centaur zombies
  Crazy Yiuf (D:5)
  3 hounds
  A bullfrog skeleton (D:5)
  An orc priest (D:3)
  3 centaur skeletons (D:7)
  3 iguanas
  4 orc wizards
  2 mummies (Ossuary)
  10 gnolls
  12 adders
  An ufetubus (D:5)
  An adder zombie (Ossuary)
  2 adder skeletons (D:4)
  3 dart slugs
  23 orcs
  7 endoplasms
  3 giant cockroaches
  9 goblins
  14 hobgoblins
  3 jackals (D:4)
  6 kobolds
  4 quokkas
  6 ball pythons
  11 bats
  4 frilled lizards
  2 goblin zombies (Ossuary)
  8 hobgoblin zombies (Ossuary)
  2 jackal zombies (Ossuary)
  10 kobold zombies (Ossuary)
  9 orc zombies (Ossuary)
  7 rats
199 creatures vanquished.

Vanquished Creatures (others)
  A wizard (D:6)
  An orc wizard (D:8)
  A fungus (D:5)
  2 withered plants (D:1)
5 creatures vanquished.

Grand Total: 204 creatures vanquished

Notes
Turn   | Place    | Note
-------+----------+-------------------------------------------
     0 | D:1      | Decritt the Tengu Air Elementalist began the quest for the
                  | Orb.
     0 | D:1      | Reached XP level 1. HP: 10/10 MP: 4/4
   476 | D:1      | Reached XP level 2. HP: 16/16 MP: 6/6
  1066 | D:1      | Reached XP level 3. HP: 20/20 MP: 4/7
  1110 | D:1      | Reached skill level 1 in Fighting
  1172 | D:1      | Found a faded altar of an unknown god.
  2322 | D:2      | Reached skill level 5 in Air Magic
  2330 | D:2      | Reached XP level 4. HP: 24/25 MP: 8/8
  2370 | D:2      | Found a hide-covered altar of Uskayaw.
  3046 | D:3      | Gained mutation: Your magical nature lets you fly swiftly
                  | and evasively. [Tengu growth]
  3046 | D:3      | Reached XP level 5. HP: 30/30 MP: 6/10
  3650 | D:3      | Noticed Grinder
  3656 | D:3      | Paralysed by Grinder for 2 turns
  3660 | D:3      | Killed Grinder
  3661 | D:3      | Reached skill level 6 in Air Magic
  3661 | D:3      | Reached XP level 6. HP: 36/36 MP: 5/11
  4096 | D:4      | Reached XP level 7. HP: 38/40 MP: 6/12
  4113 | D:4      | Found a sand-covered staircase.
  4133 | Ossuary  | Entered an ossuary
  4710 | Ossuary  | Reached skill level 7 in Air Magic
  5201 | D:4      | Learned a level 4 spell: Airstrike
  5205 | D:4      | Learned a level 3 spell: Swiftness
  5534 | D:4      | Found a broken altar of Ashenzari.
  5720 | D:4      | Reached skill level 8 in Air Magic
  5720 | D:4      | Reached XP level 8. HP: 48/48 MP: 7/14
  5964 | D:4      | Found a hide-covered altar of Uskayaw.
  6184 | D:5      | Entered Level 5 of the Dungeon
  6554 | D:5      | Found a burning altar of Makhleb.
  6701 | D:5      | Found a runed translucent door.
  6702 | D:5      | Noticed Crazy Yiuf
  6707 | D:5      | Killed Crazy Yiuf
  6894 | D:5      | Reached skill level 5 in Dodging
  7130 | D:5      | Noticed Sigmund
  7133 | D:5      | Killed Sigmund
  7134 | D:5      | Reached skill level 5 in Fighting
  7134 | D:5      | Reached skill level 9 in Air Magic
  7405 | D:5      | Found a sparkling altar of Nemelex Xobeh.
  7410 | D:5      | Found a glowing silver altar of Zin.
  7563 | D:5      | Noticed Edmund
  7570 | D:5      | Killed Edmund
  7571 | D:5      | Reached XP level 9. HP: 55/55 MP: 2/16
  7919 | D:5      | Found an iron altar of Okawaru.
  8316 | D:6      | Identified the +3 hunting sling "Dragonbane" {speed, rElec
                  | rC++ Str+2 Dex-4}
  8481 | D:6      | Reached skill level 10 in Air Magic
  8901 | D:6      | Found a bloodstained altar of Trog.
  8902 | D:6      | Noticed a wizard
  8907 | D:6      | Killed a wizard
  9106 | D:7      | Found a hazy altar of Hepliaklqana.
  9196 | D:7      | Found a staircase to the Ecumenical Temple.
  9200 | D:7      | Noticed Harold
  9223 | D:7      | Killed Harold
  9269 | Temple   | Entered the Ecumenical Temple
  9755 | Temple   | Became a worshipper of Vehumet
 10037 | D:7      | Noticed Duvessa
 10038 | D:7      | Noticed Dowan
 10045 | D:7      | Killed Duvessa
 10268 | D:7      | Killed Dowan
 10269 | D:7      | Reached skill level 1 in Shields
 10856 | D:8      | Found a huge runed translucent gate.
 10856 | D:8      | Found a huge runed translucent gate.
 10856 | D:8      | Found a huge runed translucent gate.
 10856 | D:8      | Found a huge runed translucent gate.
 10856 | D:8      | Noticed a polar bear
 10856 | D:8      | Noticed a manticore
 10856 | D:8      | Noticed a polar bear
 10856 | D:8      | Noticed a polar bear
 10856 | D:8      | Noticed a polar bear
 10856 | D:8      | Noticed a death yak
 10856 | D:8      | Noticed a polar bear
 10985 | D:8      | Reached skill level 11 in Air Magic
 11356 | D:8      | Reached XP level 10. HP: 56/63 MP: 12/17
 11580 | D:8      | Found a glowing golden altar of the Shining One.
 11645 | D:8      | Found Rus Mixo's Weapon Shoppe.
 11706 | D:8      | Found an ancient bone altar of Kikubaaqudgha.
 11742 | D:8      | Found a white marble altar of Elyvilon.
 11743 | D:8      | Noticed Psyche
 11746 | D:8      | Killed Psyche
 12138 | D:8      | Slain by a wight

Illustrated notes

Levels and vault maps discovered:
D:1:      matt_arrival_debris, layout_loops_ring,
          ebering_ecumenical_altar_petrified, chequers_arboretum,
          serial_bayou_pond_e, chequers_serial_rivers_micro_b
D:2:      layout_loops_ring, basic_altar, minmay_pentomino_x2
D:3:      layout_loops_cross, uniq_grinder
D:4:      layout_basic, overflow_temple_1_default, kennysheep_mini_moat,
          serial_forest, infiniplex_forest_diagonal, infiniplex_forest_end_2,
          infiniplex_forest_lined_corner, infiniplex_forest_clump_long,
          infiniplex_forest_join, nicolae_ossuary_entry_false_entrances
D:5:      layout_basic, okawaru_altar_gauntlet_db, lightli_temple_of_fire,
          mainiacjoe_overflow_catwalk_spiral, uniq_sigmund,
          uniq_crazy_yiuf_cottage, uniq_edmund
D:6:      layout_loops_ring, trog_wizard, kennysheep_crisscross
D:7:      layout_basic, mainiacjoe_overflow_alcove_4,
          minmay_temple_entry_junction, uniq_harold, uniq_duvessa
D:8:      lemuel_bear_cage, layout_loops_ring, nicolae_overflow_crystal_walls,
          mainiacjoe_overflow_concentric_impassable,
          nicolae_elyvilon_peaceful_grove, serial_shops, shop, uniq_psyche
Temple:   grunt_temple_mini_profane

Skill      XL: |  1  2  3  4  5  6  7  8  9 10 |
---------------+-------------------------------+-----
Fighting       | 1 2 4 5 7 |  7.3
Air Magic      | 5 6 8 9 11 | 11.4
Dodging        | 3 4 5 6 7 |  7.0
Conjurations   | 2 3 |  3.0
Spellcasting   | 3 4 |  4.6
Armour         | 3 |  3.3
Shields        | 1 2 |  2.1
Stealth        | |  2.0

Action                   |  1- 3 |  4- 6 |  7- 9 | 10-12 || total
-------------------------+-------+-------+-------+-------++-------
Melee: Unarmed           |     3 |       |       |       ||     3
       Dagger            |    17 |       |       |    13 ||    30
       Kick              |     7 |     8 |    18 |     4 ||    37
       Peck              |     9 |     1 |    16 |     3 ||    29
       Mace              |    28 |    31 |    30 |       ||    89
       Quarterstaff      |       |       |    27 |       ||    27
       Short sword       |       |       |    16 |       ||    16
 Cast: Shock             |    60 |    54 |   143 |     7 ||   264
       Airstrike         |       |       |    70 |    12 ||    82
  Use: Scroll            |       |     3 |     3 |     3 ||     9
       Potion            |       |       |     1 |       ||     1
 Stab: Sleeping          |     3 |       |       |       ||     3
Armor: Robe              |     8 |     5 |    20 |       ||    33
       Leather armour    |       |       |    12 |       ||    12
       Ring mail         |       |       |    12 |       ||    12
Dodge: Dodged            |    24 |    23 |   119 |    25 ||   191
Block: Kite shield       |       |       |     6 |    11 ||    17

Table legend: (Time is in decaauts)
 A = Elapsed time spent in this place.
 B = Non-inter-level travel time spent in this place.
 C = Inter-level travel time spent in this place.
 D = Time resting spent in this place.
 E = Time spent auto-exploring this place.
 F = Levels seen in this place.
 G = Mean time per level.
                   A        B        C        D        E       F      G
               +--------+--------+--------+--------+--------+-----+--------+
         Total |  11815 |  11625 |    190 |   3236 |   6591 |  10 | 1181.5 |
       Dungeon |  10106 |   9939 |    167 |   2093 |   6240 |   8 | 1263.2 |
        Temple |    680 |    658 |     22 |    508 |    140 |   1 |  680.0 |
       Ossuary |   1028 |   1028 |      0 |    635 |    211 |   1 | 1028.0 |
               +--------+--------+--------+--------+--------+-----+--------+

Top non-repeatable levels by time:
     D:5: 1625 daAuts
     D:1: 1550 daAuts
     D:7: 1511 daAuts
     D:2: 1435 daAuts
     D:4: 1255 daAuts
     D:3: 1057 daAuts
 Ossuary: 1028 daAuts
     D:8: 879 daAuts
     D:6: 790 daAuts
  Temple: 680 daAuts
